DBL
MONTREAL EXPOS @ LOS ANGELES DODGERS
06/22/1997
 
TOP OF THE 1ST
Montreal Expos batting - Pitching for Los Angeles Dodgers : RHP Greg Maddux
Pitching: RHP Greg Maddux
Batting: LHB Hal Morris 0-0: Called Strike
0-1: Ball
1-1: Called Strike
1-2: Fly out, F9 (Flyball, 9D, EV 103.8 MPH)
Batting: SHB Gregg Jefferies 0-0: Called Strike
0-1: Ball
1-1: Called Strike
1-2: Ball
2-2: Fly out, F3 (Popup, 34, EV 65.6 MPH)
Batting: RHB Matt Williams 0-0: Ball
1-0: Ball
2-0: Ball
3-0: Base on Balls
Batting: RHB Jeff Kent 0-0: Ball
Matt Williams steals 2nd base
1-0: Fly out, F3 (Line Drive, 3, EV 67.5 MPH)
Top of the 1st over - 0 runs, 0 hits, 0 errors, 1 left on base; Montreal 0 - Los Angeles 0
BOTTOM OF THE 1ST
Los Angeles Dodgers batting - Pitching for Montreal Expos : RHP Pat Hentgen
Pitching: RHP Pat Hentgen
Batting: RHB Brian L Hunter 0-0: Ball
1-0: Swinging Strike
1-1: Ball
2-1: Called Strike
2-2: Foul Ball, location: 2F
2-2: Reached on error, E2 (Groundball, 2R, EV 73.8 MPH)
Batting: LHB Ryan Klesko 0-0: Ball
1-0: Ball
2-0: Called Strike
2-1: Swinging Strike
2-2: Strikes out swinging
Batting: LHB Shawn Green 0-0: Ground out U3 (Groundball, 3L, EV 85.6 MPH)
Brian L Hunter to third
Batting: LHB Rafael Palmeiro 0-0: Ground out 4-3 (Groundball, 4S, EV 84.4 MPH)
Bottom of the 1st over - 0 runs, 0 hits, 1 error, 1 left on base; Montreal 0 - Los Angeles 0
TOP OF THE 2ND
Montreal Expos batting - Pitching for Los Angeles Dodgers : RHP Greg Maddux
Batting: RHB Leo Gomez 0-0: Ball
1-0: Foul Ball, location: 2F
1-1: Ground out 6-3 (Groundball, 6, EV 90.0 MPH)
Batting: RHB Raul Mondesi 0-0: Ball
1-0: Swinging Strike
1-1: Ball
2-1: SOLO HOME RUN (Flyball, 78XD, EV 93.1 MPH), Distance : 408 ft
Batting: RHB Jose Hernandez 0-0: Ball
1-0: Ball
2-0: Called Strike
2-1: Foul Ball, location: 2F
2-2: Strikes out swinging
Batting: RHB Mike Sweeney 0-0: Foul Ball, location: 2F
0-1: Foul Ball, location: 2F
0-2: Ball
1-2: Foul Ball, location: 2F
1-2: Fly out, F9 (Flyball, 9S, EV 78.8 MPH)
Top of the 2nd over - 1 run, 1 hit, 0 errors, 0 left on base; Montreal 1 - Los Angeles 0
BOTTOM OF THE 2ND
Los Angeles Dodgers batting - Pitching for Montreal Expos : RHP Pat Hentgen
Batting: LHB Derrick May 0-0: SINGLE (Groundball, 34D, EV 105.0 MPH)
Batting: SHB Kevin Stocker 0-0: Called Strike
0-1: Fielders Choice at 2nd, 3-6 (Groundball, 3, EV 102.5 MPH)
Batting: RHB Joe Randa 0-0: Called Strike
0-1: Fly out, F7 (Flyball, 78S, EV 73.1 MPH)
Batting: RHB Homer Bush 0-0: Ball
1-0: Called Strike
1-1: Ground out 4-3 (Groundball, 34, EV 100.0 MPH)
Bottom of the 2nd over - 0 runs, 1 hit, 0 errors, 1 left on base; Montreal 1 - Los Angeles 0
TOP OF THE 3RD
Montreal Expos batting - Pitching for Los Angeles Dodgers : RHP Greg Maddux
Batting: LHB Curtis Goodwin 0-0: Ground out 4-3 (Groundball, 4, EV 78.8 MPH)
Batting: LHB Hal Morris 0-0: Called Strike
0-1: SINGLE (Line Drive, 5D, EV 99.4 MPH)
Batting: SHB Gregg Jefferies 0-0: Called Strike
0-1: Swinging Strike
0-2: Fielders Choice at 2nd, 6-4 (Groundball, 6M, EV 101.3 MPH)
Batting: RHB Matt Williams 0-0: Called Strike
0-1: Called Strike
Gregg Jefferies steals 2nd base (no throw)
0-2: Fly out, F7 (Flyball, 7S, EV 88.1 MPH)
Top of the 3rd over - 0 runs, 1 hit, 0 errors, 1 left on base; Montreal 1 - Los Angeles 0
BOTTOM OF THE 3RD
Los Angeles Dodgers batting - Pitching for Montreal Expos : RHP Pat Hentgen
Batting: SHB Jason Varitek 0-0: Called Strike
0-1: Foul Ball, location: 2F
0-2: Strikes out swinging
Batting: RHB Brian L Hunter 0-0: Called Strike
0-1: Swinging Strike
0-2: Ball
1-2: Strikes out swinging
Batting: LHB Ryan Klesko 0-0: Called Strike
0-1: Ball
1-1: Fly out, F8 (Flyball, 78D, EV 85.6 MPH)
Bottom of the 3rd over - 0 runs, 0 hits, 0 errors, 0 left on base; Montreal 1 - Los Angeles 0
TOP OF THE 4TH
Montreal Expos batting - Pitching for Los Angeles Dodgers : RHP Greg Maddux
Batting: RHB Jeff Kent 0-0: Fly out, F8 (Flyball, 8RM, EV 95.6 MPH)
Batting: RHB Leo Gomez 0-0: Ball
1-0: Called Strike
1-1: Fly out, F8 (Flyball, 8RS, EV 86.3 MPH)
Batting: RHB Raul Mondesi 0-0: Foul Ball, location: 2F
0-1: Ball
1-1: Ball
2-1: Called Strike
2-2: Foul Ball, location: 2F
2-2: Ball
3-2: Fly out, F2 (Popup, 23F, EV 86.3 MPH)
Top of the 4th over - 0 runs, 0 hits, 0 errors, 0 left on base; Montreal 1 - Los Angeles 0
BOTTOM OF THE 4TH
Los Angeles Dodgers batting - Pitching for Montreal Expos : RHP Pat Hentgen
Batting: LHB Shawn Green 0-0: Called Strike
0-1: Ball
1-1: Foul Ball, location: 2F
1-2: Ball
2-2: Fly out, F8 (Flyball, 78D, EV 100.0 MPH)
Batting: LHB Rafael Palmeiro 0-0: Called Strike
0-1: Ball
1-1: Ball
2-1: Ball
3-1: Called Strike
3-2: Foul Ball, location: 2F
3-2: SINGLE (Line Drive, 7LS, EV 104.4 MPH)
Batting: LHB Derrick May 0-0: Called Strike
0-1: Foul Ball, location: 2F
0-2: Strikes out swinging
Batting: SHB Kevin Stocker 0-0: Called Strike
0-1: Ground out 4-3 (Groundball, 4S, EV 72.5 MPH)
Bottom of the 4th over - 0 runs, 1 hit, 0 errors, 1 left on base; Montreal 1 - Los Angeles 0
TOP OF THE 5TH
Montreal Expos batting - Pitching for Los Angeles Dodgers : RHP Greg Maddux
Batting: RHB Jose Hernandez 0-0: Ground out 4-3 (Groundball, 4, EV 87.5 MPH)
Batting: RHB Mike Sweeney 0-0: Ball
1-0: Ball
2-0: Called Strike
2-1: Fly out, F9 (Flyball, 9LD, EV 106.9 MPH)
Batting: LHB Curtis Goodwin 0-0: Ball
1-0: Foul Ball, location: 2F
1-1: Ball
2-1: Foul Ball, location: 2F
2-2: Strikes out looking
Top of the 5th over - 0 runs, 0 hits, 0 errors, 0 left on base; Montreal 1 - Los Angeles 0
BOTTOM OF THE 5TH
Los Angeles Dodgers batting - Pitching for Montreal Expos : RHP Pat Hentgen
Batting: RHB Joe Randa 0-0: Ground out 4-3 (Groundball, 4, EV 108.8 MPH)
Batting: RHB Homer Bush 0-0: Called Strike
0-1: Swinging Strike
0-2: Foul Ball, location: 2F
0-2: Strikes out looking
Batting: SHB Jason Varitek 0-0: Ball
1-0: Foul Ball, location: 2F
1-1: Ball
2-1: Called Strike
2-2: Strikes out swinging
Bottom of the 5th over - 0 runs, 0 hits, 0 errors, 0 left on base; Montreal 1 - Los Angeles 0
TOP OF THE 6TH
Montreal Expos batting - Pitching for Los Angeles Dodgers : RHP Greg Maddux
Batting: LHB Hal Morris 0-0: Called Strike
0-1: Foul Ball, location: 2F
0-2: Strikes out looking
Batting: SHB Gregg Jefferies 0-0: Ball
1-0: SINGLE (Groundball, 56D, EV 105.6 MPH)
Batting: RHB Matt Williams 0-0: Called Strike
Gregg Jefferies steals 2nd base
0-1: SINGLE (Groundball, 6MD, EV 96.3 MPH)
Gregg Jefferies to third
Runner from 3rd tries for Home, SAFE, throw by CF to home
Batting: RHB Jeff Kent 0-0: Called Strike
Matt Williams steals 2nd base
0-1: Swinging Strike
0-2: Foul Ball, location: 2F
0-2: Ground out 5-3 (Groundball, 5L, EV 85.0 MPH)
Batting: RHB Leo Gomez 0-0: Ball
1-0: Ball
2-0: Called Strike
2-1: Called Strike
2-2: Ball
3-2: Foul Ball, location: 2F
3-2: Base on Balls
Batting: RHB Raul Mondesi 0-0: Ball
1-0: Ball
2-0: Ball
3-0: Called Strike
3-1: Foul Ball, location: 2F
3-2: Strikes out swinging
Top of the 6th over - 1 run, 2 hits, 0 errors, 2 left on base; Montreal 2 - Los Angeles 0
BOTTOM OF THE 6TH
Los Angeles Dodgers batting - Pitching for Montreal Expos : RHP Pat Hentgen
Batting: RHB Brian L Hunter 0-0: Called Strike
0-1: Ball
1-1: Ground out 6-3 (Groundball, 6, EV 85.6 MPH)
Batting: LHB Ryan Klesko 0-0: Foul Ball, location: 2F
0-1: Ball
1-1: Ball
2-1: Ground out 4-3 (Groundball, 4, EV 89.4 MPH)
Batting: LHB Shawn Green 0-0: DOUBLE (Flyball, 78XD, EV 93.8 MPH)
Batting: LHB Rafael Palmeiro 0-0: Ball
1-0: Swinging Strike
1-1: SINGLE (Line Drive, 8RS, EV 91.9 MPH)
Shawn Green to third
Runner from 3rd tries for Home, SAFE, throw by CF to home
Batting: LHB Derrick May 0-0: Foul Ball, location: 2F
0-1: Called Strike
0-2: SINGLE (Line Drive, 89M, EV 91.9 MPH)
Rafael Palmeiro to second
Batting: SHB Kevin Stocker 0-0: Foul Ball, location: 2F
0-1: Ball
1-1: SINGLE (Groundball, 4D, EV 99.4 MPH)
Rafael Palmeiro to third
Derrick May to second
Runner from 3rd tries for Home, SAFE, throw by CF to home
Batting: RHB Joe Randa 0-0: Ball
1-0: Called Strike
1-1: Swinging Strike
1-2: Strikes out swinging
Bottom of the 6th over - 2 runs, 4 hits, 0 errors, 2 left on base; Montreal 2 - Los Angeles 2
TOP OF THE 7TH
Montreal Expos batting - Pitching for Los Angeles Dodgers : RHP Greg Maddux
Batting: RHB Jose Hernandez 0-0: Ball
1-0: Ball
2-0: Swinging Strike
2-1: Foul Ball, location: 2F
2-2: Foul Ball, location: 2F
2-2: Foul Ball, location: 2F
2-2: Foul Ball, location: 2F
2-2: Strikes out swinging
Pitching: LHP Bill Wilkinson
Batting: RHB Mike Sweeney 0-0: Swinging Strike
0-1: Swinging Strike
0-2: Ball
1-2: Fly out, F5 (Popup, 5S, EV 83.8 MPH)
Batting: LHB Curtis Goodwin 0-0: Ball
1-0: Ball
2-0: Fly out, F5 (Popup, 5L, EV 73.8 MPH)
Top of the 7th over - 0 runs, 0 hits, 0 errors, 0 left on base; Montreal 2 - Los Angeles 2
BOTTOM OF THE 7TH
Los Angeles Dodgers batting - Pitching for Montreal Expos : RHP Pat Hentgen
Batting: RHB Homer Bush 0-0: Called Strike
0-1: Foul Ball, location: 2F
0-2: Ball
1-2: Ball
2-2: Ball
3-2: Strikes out swinging, 2-3 out at first.
Batting: SHB Jason Varitek 0-0: Called Strike
0-1: Foul Ball, location: 2F
0-2: Foul Ball, location: 2F
0-2: Foul Ball, location: 2F
0-2: Foul Ball, location: 2F
0-2: Ball
1-2: Ball
2-2: Foul Ball, location: 2F
2-2: Ball
3-2: Base on Balls
Batting: RHB Brian L Hunter 0-0: Ball
1-0: Swinging Strike
1-1: Ball
2-1: Ball
3-1: Foul Ball, location: 2F
3-2: Foul Ball, location: 2F
3-2: Foul Ball, location: 2F
3-2: Strikes out looking
Batting: LHB Ryan Klesko 0-0: Ball
1-0: Called Strike
1-1: Fly out, F9 (Flyball, 9D, EV 76.3 MPH)
Bottom of the 7th over - 0 runs, 0 hits, 0 errors, 1 left on base; Montreal 2 - Los Angeles 2
TOP OF THE 8TH
Montreal Expos batting - Pitching for Los Angeles Dodgers : LHP Bill Wilkinson
Batting: LHB Hal Morris 0-0: Ball
1-0: Swinging Strike
1-1: Ball
2-1: Ground out 6-3 (Groundball, 6, EV 84.4 MPH)
Batting: SHB Gregg Jefferies 0-0: Called Strike
0-1: Fly out, F9 (Flyball, 9S, EV 83.8 MPH)
Batting: RHB Matt Williams 0-0: Called Strike
0-1: Called Strike
0-2: Fly out, F3 (Popup, 3, EV 81.9 MPH)
Top of the 8th over - 0 runs, 0 hits, 0 errors, 0 left on base; Montreal 2 - Los Angeles 2
BOTTOM OF THE 8TH
Los Angeles Dodgers batting - Pitching for Montreal Expos : RHP Pat Hentgen
Pitching: RHP Ed Correa
Batting: LHB Shawn Green 0-0: Called Strike
0-1: Ball
1-1: Called Strike
1-2: Ball
2-2: Strikes out swinging passed ball, reaches first!
Batting: LHB Rafael Palmeiro 0-0: Foul Ball, location: 2F
0-1: Ball
1-1: Ball
2-1: Swinging Strike
2-2: Ball
3-2: Base on Balls
Shawn Green to second
Batting: LHB Derrick May 0-0: Fly out, F6 (Popup, 56, EV 57.5 MPH)
Batting: SHB Kevin Stocker 0-0: Ball
1-0: Ball
2-0: Ball
3-0: Called Strike
3-1: Bunted foul
3-2: Strikes out swinging
Batting: RHB Joe Randa 0-0: Ball
1-0: Swinging Strike
1-1: SINGLE (Line Drive, 6D, EV 98.1 MPH)
Shawn Green to third
Rafael Palmeiro to second
Runner from 3rd tries for Home, throw by CF and OUT! 8-2
Bottom of the 8th over - 0 runs, 1 hit, 0 errors, 2 left on base; Montreal 2 - Los Angeles 2
TOP OF THE 9TH
Montreal Expos batting - Pitching for Los Angeles Dodgers : LHP Bill Wilkinson
Batting: RHB Jeff Kent 0-0: Swinging Strike
0-1: Ball
1-1: Ground out 4-3 (Groundball, 4, EV 86.9 MPH)
Batting: RHB Leo Gomez 0-0: Called Strike
0-1: Foul Ball, location: 2F
0-2: Ball
1-2: Strikes out swinging
Batting: RHB Raul Mondesi 0-0: Ball
1-0: Swinging Strike
1-1: SINGLE (Groundball, 25, EV 73.1 MPH) (infield hit)
Batting: RHB Jose Hernandez 0-0: Ball
1-0: Ball
Raul Mondesi steals 2nd base
2-0: SINGLE (Groundball, 34D, EV 107.5 MPH)
Raul Mondesi to third
Runner from 3rd tries for Home, SAFE, throw by RF to home
Pitching: LHP John Franco
Batting: RHB Mike Sweeney 0-0: Ball
1-0: Ball
2-0: Ball
3-0: Base on Balls
Jose Hernandez to second
Pinch Runner at 2nd John Jaha:
Batting: LHB Curtis Goodwin 0-0: Called Strike
0-1: Foul Ball, location: 2F
0-2: Ball
1-2: Ball
2-2: Ball
3-2: SINGLE (Groundball, 34D, EV 100.6 MPH)
John Jaha to third
Mike Sweeney to second
John Jaha scores
Mike Sweeney to third
Batting: LHB Hal Morris 0-0: Ball
1-0: Ball
2-0: Called Strike
2-1: Ball
3-1: Base on Balls
Curtis Goodwin to second
Batting: SHB Gregg Jefferies 0-0: Called Strike
0-1: Fly out, F9 (Flyball, 89M, EV 84.4 MPH)
Top of the 9th over - 2 runs, 3 hits, 0 errors, 3 left on base; Montreal 4 - Los Angeles 2
BOTTOM OF THE 9TH
Los Angeles Dodgers batting - Pitching for Montreal Expos : RHP Ed Correa
Now at SS: Jeff King
Batting: RHB Homer Bush 0-0: Ball
1-0: Foul Ball, location: 2F
1-1: Ground out 1-3 (Groundball, 13, EV 80.0 MPH)
Batting: SHB Jason Varitek 0-0: Foul Ball, location: 2F
0-1: Foul Ball, location: 2F
0-2: Strikes out looking
Batting: RHB Brian L Hunter 0-0: Foul Ball, location: 2F
0-1: Ground out 5-3 (Groundball, 56, EV 80.6 MPH)
Bottom of the 9th over - 0 runs, 0 hits, 0 errors, 0 left on base; Montreal 4 - Los Angeles 2
Saturday, February 28th, 2026 - OOTP Baseball 20.8 Build 74